Cogmind - Beta 13 @@@ ROGUE MODE // 2024.04.26 @ 01:12:13 Player: CrimsonOccultist Result: Destroyed by P-60 Hacker with Shock Rifle Performance ------------- Evolutions (4) 2000 Regions Visited (10) 2000 Robots Destroyed (132) 660 Value Destroyed (4163) 4163 Prototype IDs (35) 700 Alien Tech Used (0) 0 Bonus (1177) 1177 TOTAL SCORE: 10700 Bonus ------- High Alert Combat Kills 37 Follower Combat Kills 368 Entered DSFs 500 Aligned with FarCom 300 Friendly Fire -28 Cogmind --------- Core Integrity 0/850 Matter 109/300 Energy 98/100 System Corruption 18% Temperature Cool (0) Movement Core (50) Location -6/Factory Parts ------- > --- POWER (1) -------- (None) > --- PROPULSION (3) --- (None) > --- UTILITY (8) ------ Advanced Weight Redist. System Enhanced Optical Array Terrain Scan Processor Core Analyzer Hacking Suite Hacking Suite Improved System Shield > --- WEAPON (3) ------- (None) > --- INVENTORY (5) ---- Gravmag System Improved Gravmag System VTOL Module Peak State ------------ > --- POWER ------------ Antimatter Reactor > --- PROPULSION ------- Armored Treads Heavy Treads > --- UTILITY ---------- Targeting Computer Hardened Light Armor Plating Hardened Light Armor Plating Hardened Medium Armor Plating Improved Medium Armor Plating Focal Shield Improved Shield Generator System Shield > --- WEAPON ----------- Battle Rifle Battle Cannon Battle Cannon > --- INVENTORY -------- Improved Deuterium Engine Hacking Suite Battle Rifle Rocket Launcher Improved Grenade Launcher [Rating: 53] Favorites ----------- Power Light Deuterium Engine Engine Light Deuterium Engine Power Core Nuclear Core Reactor Antimatter Reactor Propulsion Light Treads Treads Light Treads Hover Unit Gravmag System Flight Unit VTOL Module Utility Large Storage Unit Device Kinecellerator Storage Large Storage Unit Processor Advanced Targeting Computer Hackware System Shield Protection Hardened Light Armor Plating Weapon Precision Assault Rifle Energy Gun Small Laser Ballistic Gun Precision Assault Rifle Ballistic Cannon Battle Cannon Launcher Rocket Launcher Slashing Weapon Longsword +1 Special Melee Weapon Improved Datajack Build | -11 -10 -10 -10 -9 -8 -7 -7 -7 -7 -6 ------- Run | Yrd Mat Min Exi Min Mat Fac Was Fac DSF Fac Slots Evolved 8 | . . . . . 4 2 . . . 2 Power . | . . . . . . . . . . . Propulsion 1 | . . . . . . 1 . . . . Utility 6 | . . . . . 4 1 . . . 1 Weapon 1 | . . . . . . . . . . 1 Parts Attached 142 | 6 15 1 . 11 31 14 24 . 6 34 Power 13 | 1 2 1 . . 4 . 3 . . 2 Engine 8 | 1 1 . . . 2 . 2 . . 2 Core 4 | . 1 1 . . 2 . . . . . Reactor 1 | . . . . . . . 1 . . . Propulsion 33 | 2 4 . . . 7 6 6 . 1 7 Treads 20 | 2 4 . . . 5 6 2 . 1 . Leg . | . . . . . . . . . . . Wheel . | . . . . . . . . . . . Hover 6 | . . . . . . . . . . 6 Flight 7 | . . . . . 2 . 4 . . 1 Utility 56 | 1 4 . . 4 9 7 7 . 4 20 Device 13 | . . . . 1 1 1 1 . 2 7 Storage 3 | 1 2 . . . . . . . . . Processor 8 | . . . . . 1 1 1 . 1 4 Hackware 6 | . . . . . . . . . 1 5 Protection 26 | . 2 . . 3 7 5 5 . . 4 Artifact . | . . . . . . . . . . . Weapon 40 | 2 5 . . 7 11 1 8 . 1 5 Energy Gun 1 | . 1 . . . . . . . . . Energy Cannon . | . . . . . . . . . . . Ballistic Gun 25 | 2 4 . . 4 9 1 3 . . 2 Ballistic Cannon 4 | . . . . . . . 3 . 1 . Launcher 8 | . . . . 3 2 . 1 . . 2 Special Weapon . | . . . . . . . . . . . Impact Weapon . | . . . . . . . . . . . Slashing Weapon 1 | . . . . . . . 1 . . . Piercing Weapon . | . . . . . . . . . . . Special Melee Weapon 1 | . . . . . . . . . . 1 Unidentified Prototypes 2 | . . . . . 2 . . . . . Parts Lost 32 | . . . . . 2 . 7 . . 23 Power 1 | . . . . . . . . . . 1 Propulsion 5 | . . . . . . . 1 . . 4 Utility 20 | . . . . . 2 . 4 . . 14 Weapon 6 | . . . . . . . 2 . . 4 Highest Loss Streak 8 | . . . . . 1 . 7 . . 8 To Critical Strikes . | . . . . . . . . . . . Average Slot Usage (%) 91 | . 97 100 100 100 98 94 64 92 91 79 Engine 4 | . 11 8 . . 2 7 4 . . 1 Core 3 | . 2 5 14 14 6 . . . . . Treads 18 | . 28 28 28 28 17 22 9 15 15 7 Hover 1 | . . . . . . . . . . 5 Device 5 | . . . . . 2 4 3 7 12 15 Storage 7 | . 14 14 14 14 9 7 . . . . Processor 6 | . . . . . 3 14 6 7 7 8 Protection 22 | . 11 14 14 14 37 20 16 38 32 15 Ballistic Gun 15 | . 25 28 28 27 17 14 5 . . 3 Ballistic Cannon 2 | . . . . . . . 5 15 15 7 Naked Turns 17 | . . . . . . . 7 . . 10 Heaviest Build 68 | 13 28 28 28 30 61 65 68 51 51 54 Greatest Support 92 | 40 40 40 40 40 42 60 92 92 92 90 Greatest Overweight (x) 2 | . . . . . 2 1 1 . . 1 Average Overweight (x) . | . . . . . . . . . . . Largest Inventory Capacity 15 | 8 15 15 15 15 15 15 15 5 5 5 Average Capacity 11 | 7 11 15 15 15 15 15 6 5 5 5 Most Carried 15 | 4 10 11 12 15 15 15 15 5 5 5 Average Carried 10 | 2 7 10 11 13 14 14 6 5 5 3 Final Capacity 15 | 8 15 15 15 15 15 15 5 5 5 5 Final Carried 15 | 4 10 11 12 15 15 15 5 5 5 3 Class Distribution -------------------- 57% | Mutant 20% | Scavenger-Mutant 12% | Scavenger-Tank 4% | Scavenger-Scout Dominant Class ---------------- Mutant | -10/Materials Scavenger-Mutant | -10/Mines Scavenger-Mutant | -10/Exiles Scavenger-Mutant | -9/Mines Mutant | -8/Materials Mutant | -7/Factory Mutant | -7/Waste Mutant | -7/Factory Scavenger-Mutant | -7/DSF Scavenger-Tank | -6/Factory Resources | -11 -10 -10 -10 -9 -8 -7 -7 -7 -7 -6 ----------- Run | Yrd Mat Min Exi Min Mat Fac Was Fac DSF Fac Matter Collected 4222 | 199 406 27 . 161 1021 849 419 . 177 963 Remotely . | . . . . . . . . . . . Salvage Created 4570 | . 580 103 . 183 1498 1113 292 . 200 601 Parts 283 | . 38 6 . 18 98 69 4 . 8 42 Haulers Intercepted 6 | . 2 . . . 3 1 . . . . Recyclers Shooed 12 | . 1 . . . 9 . . . . 2 Parts Field Recycled . | . . . . . . . . . . . Retrieved Matter . | . . . . . . . . . . . Parts Self-Destructed . | . . . . . . . . . . . Prevented . | . . . . . . . . . . . Kills | -11 -10 -10 -10 -9 -8 -7 -7 -7 -7 -6 ------- Run | Yrd Mat Min Exi Min Mat Fac Was Fac DSF Fac Combat Hostiles Destroyed 92 | . 11 2 . 10 31 16 1 . 5 16 Guns 61 | . 11 2 . 2 26 16 1 . . 3 Cannons 15 | . . . . . . . . . 5 10 AOE 16 | . . . . 8 5 . . . . 3 Classes Destroyed 17 | . 6 1 . . 5 2 1 . 1 1 Worker 7 | . 1 . . . 4 . . . . 2 Builder 2 | . 1 . . . . . . . . 1 Tunneler 4 | . . 1 . . 1 1 . . . 1 Hauler 6 | . 2 . . . 3 1 . . . . Recycler 3 | . 1 . . 1 . 1 . . . . Mechanic 1 | . . . . . 1 . . . . . Operator 2 | . . . . . 1 . . . . 1 Watcher 15 | . . . . . 5 7 . . . 3 Swarmer 23 | . 2 . . 7 11 . . . 1 2 Grunt 39 | . 9 2 . 3 11 6 . . 3 5 Brawler 2 | . . . . . . . . . . 2 Duelist 1 | . . . . . 1 . . . . . Sentry 12 | . . . . . 8 2 . . . 2 Specialist 1 | . . . . . . . . . 1 . Hunter 3 | . . . . . . 3 . . . . Programmer 10 | . . . . . . 5 . . . 5 Compactor 1 | . . . . . . . 1 . . . Best Kill Streak 8 | . 3 2 . 4 8 3 1 . 4 2 Combat Bots Only 7 | . 2 2 . 4 7 3 1 . 4 2 Max Kills in Single Turn 4 | . 1 1 . 4 2 1 1 . 1 2 Gunslinging 1 | . . . . . 1 . . . . . Exploded 3 | . . . . 3 2 . . . . 1 Melee . | . . . . . . . . . . . Uniques/NPCs Destroyed . | . . . . . . . . . . . Combat | -11 -10 -10 -10 -9 -8 -7 -7 -7 -7 -6 -------- Run | Yrd Mat Min Exi Min Mat Fac Was Fac DSF Fac Hostile Shots Fired 921 | . 72 8 . 10 134 234 15 . 13 435 Missed 304 | . 19 3 . 5 35 85 . . 4 153 Damage Taken 7296 | . 591 63 . 84 1135 1261 789 . 115 3258 Core 1388 | . 62 24 . 6 121 68 236 . 9 862 Absorbed by Shields 414 | . . . . . 152 . . . 43 219 Reduced by Siege Mode 20 | . . . . . . . . . . 20 Redirected to Shielding 244 | . 57 4 . 7 146 30 . . . . Ignored by Resistances 198 | . . . . . 29 150 . . 19 . Regen/Repaired (Parts) 959 | . . . . . . 774 16 . 9 160 Core Remaining (%) 74 | 100 . . . 63 78 . . . 55 . Volleys Fired 369 | . 71 4 . 7 109 90 5 . 10 73 Largest 3 | . 2 2 . 2 2 2 2 . 2 3 Hottest 103 | . 60 40 . 50 56 56 67 . 78 103 Shots Fired 761 | . 142 8 . 14 218 182 11 . 20 166 Gun 603 | . 142 8 . 7 209 182 7 . . 48 Cannon 122 | . . . . . . . . . 20 102 Launcher 36 | . . . . 7 9 . 4 . . 16 Special . | . . . . . . . . . . . Kinetic 720 | . 137 8 . 7 209 182 7 . 20 150 Thermal 5 | . 5 . . . . . . . . . Explosive 36 | . . . . 7 9 . 4 . . 16 Electromagnetic . | . . . . . . . . . . . Robot Hit Streak 42 | . 11 10 . 3 23 33 14 . 8 42 Robot Miss Streak 11 | . 4 . . 1 4 4 2 . 2 11 Penetration Max . | . . . . . . . . . . . Secondary Targets 5 | . . . . . 3 2 . . . . Max Gunslinging Chain 1 | . . . . . 1 1 . . . . Shots Hit Robots 544 | . 95 7 . 3 165 150 9 . 12 103 Core Hits 259 | . 35 4 . 14 79 52 5 . 8 62 Critical Kills 6 | . 1 1 . 1 3 . . . . . Critical Parts Destroyed . | . . . . . . . . . . . Critical Strikes 11 | . 1 1 . 1 3 . . . . 5 Destroy 6 | . 1 1 . 1 3 . . . . . Blast 5 | . . . . . . . . . . 5 Melee Attacks 4 | . . . . . . . 1 . . 3 Impact . | . . . . . . . . . . . Slashing 1 | . . . . . . . 1 . . . Piercing . | . . . . . . . . . . . Sneak Attacks 3 | . . . . . . . . . . 3 Combat Hostiles . | . . . . . . . . . . . Follow-up Attacks . | . . . . . . . . . . . Damage Inflicted 12092 | . 881 62 . 492 3526 3122 993 . 291 2725 Guns 7399 | . 869 59 . 23 2716 3072 127 . . 533 Cannons 1709 | . . . . . . . . . 291 1418 Explosions 2611 | . . . . 459 719 . 840 . . 593 Melee 19 | . . . . . . . 19 . . . Ramming 354 | . 12 3 . 10 91 50 7 . . 181 Kinetic 9076 | . 837 59 . 23 2716 3072 127 . 291 1951 Thermal 90 | . 32 . . 58 . . . . . . Explosive 2553 | . . . . 401 719 . 840 . . 593 Electromagnetic . | . . . . . . . . . . . Impact . | . . . . . . . . . . . Slashing 19 | . . . . . . . 19 . . . Piercing . | . . . . . . . . . . . Highest Corruption 18 | . . . . . . 3 3 3 3 18 Average Corruption 3 | . . . . . . 2 3 3 3 6 Corruption Purged 1 | . . . . . . . . . . 1 Corruption Blocked . | . . . . . . . . . . . Effects 114 | . . . . . . 42 12 . 4 56 Message Errors 26 | . . . . . . 9 2 . . 15 Matter Fused 25 | . . . . . . 11 1 . 1 12 Heat Flow Errors 4 | . . . . . . 1 1 . . 2 Energy Discharges 14 | . . . . . . 5 1 . 1 7 Parts Rejected 4 | . . . . . . . 1 . . 3 Parts Fused 1 | . . . . . . . 1 . . . Data Loss (minor) 15 | . . . . . . 7 1 . . 7 Data Loss (major) 8 | . . . . . . 3 2 . 2 1 Misfires 9 | . . . . . . 4 1 . . 4 Alerts 2 | . . . . . . . 1 . . 1 Misdirections 4 | . . . . . . . . . . 4 Weapon Failures 2 | . . . . . . 2 . . . . Overload Shots . | . . . . . . . . . . . Overflow Damage 108 | . . . . 42 13 . 8 . . 45 Projectiles 3 | . . . . . . . . . . 3 Explosions 105 | . . . . 42 13 . 8 . . 42 Melee . | . . . . . . . . . . . Knockbacks 15 | . . . . . . . . . 1 14 Impact 1 | . . . . . . . . . . 1 Kinetic 14 | . . . . . . . . . 1 13 Secondary . | . . . . . . . . . . . Self-Inflicted Damage 308 | . . . . 39 . . 95 . . 174 Shots 7 | . . . . 2 . . 2 . . 3 Rammed 62 | . 1 . . 1 17 6 3 . . 34 Targets Rammed 66 | . 3 1 . 2 17 6 3 . . 34 Kicked . | . . . . . . . . . . . Crushed 4 | . 2 1 . 1 . . . . . . Highest Temperature 666 | . 40 24 . 37 240 240 114 . 243 666 Average Temperature 100 | . 9 17 . 18 49 59 38 . 106 216 Received Heat Transfer 1563 | . 279 39 . 9 402 210 . . 12 612 Effects 40 | . . . . . . . . . . 40 Shutdowns 8 | . . . . . . . . . . 8 Energy Bleed 1 | . . . . . . . . . . 1 Interference 12 | . . . . . . . . . . 12 Matter Decay 5 | . . . . . . . . . . 5 Short Circuit 5 | . . . . . . . . . . 5 Damage (minor) 5 | . . . . . . . . . . 5 Damage (major) 2 | . . . . . . . . . . 2 Damage (core) 2 | . . . . . . . . . . 2 Siege Activations 5 | . . . . . . . . . . 5 Total Turns 495 | . . . . . . . . . . 495 Longest Duration 186 | . . . . . . . . . . 186 Robots Corrupted . | . . . . . . . . . . . Combat Hostiles . | . . . . . . . . . . . Parts Fried . | . . . . . . . . . . . Impact Corruptions . | . . . . . . . . . . . Robots Melted . | . . . . . . . . . . . Combat Hostiles . | . . . . . . . . . . . Parts Melted 1 | . . . . . . . 1 . . . Heat Transferred 175 | . 75 . . 100 . . . . . . Parts Sabotaged . | . . . . . . . . . . . Parts Stolen . | . . . . . . . . . . . Parts Stripped . | . . . . . . . . . . . Power Chain Reactions . | . . . . . . . . . . . Alert | -11 -10 -10 -10 -9 -8 -7 -7 -7 -7 -6 ------- Run | Yrd Mat Min Exi Min Mat Fac Was Fac DSF Fac Peak Influence 539 | . 195 120 . 329 539 348 46 . 221 396 Initial 245 | . . 43 . . 50 245 22 . 3 115 Average 139 | . 62 81 . 181 266 81 7 . 125 118 Maximum Alert Level 2 | . . . . 1 2 1 . . 1 1 Low Security (%) 69 | 100 100 100 . 57 24 87 100 100 81 78 Level 1 26 | . . . . 42 60 12 . . 18 21 Level 2 4 | . . . . . 15 . . . . . Level 3 . | . . . . . . . . . . . Level 4 . | . . . . . . . . . . . Level 5 . | . . . . . . . . . . . High Security . | . . . . . . . . . . . Max Security . | . . . . . . . . . . . Sterilizations 1 | . . . . . . . . . 1 . Squads Dispatched 28 | . 2 1 . . 4 7 . . 1 13 Investigation 9 | . 2 . . . 1 1 . . . 5 Extermination 10 | . . . . . . 5 . . . 5 Reinforcement 4 | . . . . . 2 1 . . 1 . Assault 1 | . . 1 . . . . . . . . Garrison 4 | . . . . . 1 . . . . 3 Intercept . | . . . . . . . . . . . Searches Triggered . | . . . . . . . . . . . Construction Impeded 1 | . . . . . 1 . . . . . Haulers Reinforced . | . . . . . . . . . . . Active Scanning Responses . | . . . . . . . . . . . Cargo Convoy Interrupts . | . . . . . . . . . . . Stealth | -11 -10 -10 -10 -9 -8 -7 -7 -7 -7 -6 --------- Run | Yrd Mat Min Exi Min Mat Fac Was Fac DSF Fac Distress Signals 4 | . . . . . 4 . . . . . Communications Jammed . | . . . . . . . . . . . Distress Signals . | . . . . . . . . . . . Times Spotted 185 | . 30 2 . 10 58 27 9 . 8 41 Peak Tracking Total 9 | . 3 2 . 4 9 2 5 . 3 8 Tactical Retreats 10 | . 1 . . . 2 . 1 . . 6 Traps | -11 -10 -10 -10 -9 -8 -7 -7 -7 -7 -6 ------- Run | Yrd Mat Min Exi Min Mat Fac Was Fac DSF Fac Traps Triggered 11 | . 4 . . . . 4 . . 1 2 Indirectly . | . . . . . . . . . . . Trap Hack Attempts . | . . . . . . . . . . . Triggered . | . . . . . . . . . . . Disarmed . | . . . . . . . . . . . Reprogrammed . | . . . . . . . . . . . Reused . | . . . . . . . . . . . Traps Extracted . | . . . . . . . . . . . Installed . | . . . . . . . . . . . Triggered . | . . . . . . . . . . . Machines | -11 -10 -10 -10 -9 -8 -7 -7 -7 -7 -6 ---------- Run | Yrd Mat Min Exi Min Mat Fac Was Fac DSF Fac Machines Disabled 7 | . . . . 3 1 1 . . . 2 Max in Single Turn 2 | . . . . 2 1 1 . . . 1 Garrison Access 3 | . . . . . 1 1 . . . 1 Machines Repaired . | . . . . . . . . . . . Machines Dismantled . | . . . . . . . . . . . Machines Sabotaged . | . . . . . . . . . . . Overloaded Fab Kills . | . . . . . . . . . . . Hacking | -11 -10 -10 -10 -9 -8 -7 -7 -7 -7 -6 --------- Run | Yrd Mat Min Exi Min Mat Fac Was Fac DSF Fac Machines Accessed 47 | . 10 . 1 . 12 13 . 1 . 10 Terminals 32 | . 8 . . . 11 7 . 1 . 5 Fabricators 3 | . . . . . . . . . . 3 Repair Stations 3 | . . . . . . 2 . . . 1 Recycling Units 5 | . 2 . . . . 3 . . . . Scanalyzers . | . . . . . . . . . . . Garrison Access 3 | . . . . . 1 1 . . . 1 Total Hacks 117 | . 23 . 1 . 32 37 . 1 . 23 Successful 59 | . 10 . 1 . 11 22 . 1 . 14 Failed 58 | . 13 . . . 21 15 . . . 9 Catastrophic 9 | . . . . . 3 3 . . . 3 Database Lockouts . | . . . . . . . . . . . Manual 54 | . 15 . 1 . 23 9 . . . 6 Terminals 82 | . 19 . . . 30 20 . 1 . 12 Fabricators 7 | . . . . . . . . . . 7 Repair Stations 12 | . . . . . . 10 . . . 2 Recycling Units 10 | . 4 . . . . 6 . . . . Scanalyzers . | . . . . . . . . . . . Garrison Access 5 | . . . . . 2 1 . . . 2 Terminal Hacks 22 | . 5 . 1 . 6 6 . 1 . 3 Record 3 | . . . . . . 1 . . . 2 Part Schematic 1 | . . . . . 1 . . . . . Robot Analysis 2 | . 2 . . . . . . . . . Prototype ID Bank 4 | . 1 . . . 2 1 . . . . Open DSF 3 | . . . . . . 1 . 1 . 1 Branch Access Points 1 | . . . . . 1 . . . . . Alert Level 2 | . . . . . 1 1 . . . . Unreport Threat 3 | . . . . . 1 2 . . . . Locate Traps 2 | . 2 . . . . . . . . . Derelict Proto ID Bank 1 | . . . 1 . . . . . . . Fabricator Hacks 6 | . . . . . . . . . . 6 Load Schematic 3 | . . . . . . . . . . 3 Build 3 | . . . . . . . . . . 3 Repair Station Hacks 12 | . . . . . . 10 . . . 2 Scan Component 6 | . . . . . . 5 . . . 1 Repair 6 | . . . . . . 5 . . . 1 Recycling Unit Hacks 3 | . 1 . . . . 2 . . . . Retrieve Components 3 | . 1 . . . . 2 . . . . Scanalyzer . | . . . . . . . . . . . Garrison Access Hacks 3 | . . . . . 1 1 . . . 1 Seal Access 3 | . . . . . 1 1 . . . 1 Unauthorized Hacks 13 | . 4 . . . 4 3 . . . 2 Terminals 13 | . 4 . . . 4 3 . . . 2 Assimilate 1 | . . . . . 1 . . . . . Botnet 11 | . 3 . . . 3 3 . . . 2 Operators 1 | . 1 . . . . . . . . . Fabricators . | . . . . . . . . . . . Repair Stations . | . . . . . . . . . . . Recycling Units . | . . . . . . . . . . . Scanalyzers . | . . . . . . . . . . . Garrison Access . | . . . . . . . . . . . Data Cores Recovered 1 | . . . . . . . . . . 1 Used . | . . . . . . . . . . . Hacking Detections 41 | . 10 . . . 11 11 . . . 9 Full Trace Events 5 | . . . . . 1 . . . . 4 Feedback Events . | . . . . . . . . . . . Feedback Blocked . | . . . . . . . . . . . Robot Schematics Acquired . | . . . . . . . . . . . Robots Built . | . . . . . . . . . . . Authchips . | . . . . . . . . . . . Time . | . . . . . . . . . . . Total Robot Build Rating . | . . . . . . . . . . . Part Schematics Acquired 1 | . . . . . 1 . . . . . Parts Built 2 | . . . . . . . . . . 2 Authchips . | . . . . . . . . . . . Time 145 | . . . . . . . . . . 145 Total Part Build Rating 6 | . . . . . . . . . . 6 Parts Repaired 5 | . . . . . . 4 . . . 1 Time 242 | . . . . . . 204 . . . 38 Parts Recycled . | . . . . . . . . . . . Recycled Matter . | . . . . . . . . . . . Retrieved Matter . | . . . . . . . . . . . Retrieved Components 2 | . . . . . . 2 . . . . Parts Scanalyzed . | . . . . . . . . . . . Part Schematics Acquired . | . . . . . . . . . . . Parts Damaged . | . . . . . . . . . . . Bothacking | -11 -10 -10 -10 -9 -8 -7 -7 -7 -7 -6 ------------ Run | Yrd Mat Min Exi Min Mat Fac Was Fac DSF Fac Used RIF Installer . | . . . . . . . . . . . Robots Hacked 1 | . . . . . . . . . . 1 Non-combat 1 | . . . . . . . . . . 1 Combat . | . . . . . . . . . . . Robot Hacks Applied 3 | . . . . . . . . . . 3 parse_system 2 | . . . . . . . . . . 2 no_distress 1 | . . . . . . . . . . 1 Relay Couplers Released . | . . . . . . . . . . . Fabnet Peak Effective % . | . . . . . . . . . . . Robots Rewired . | . . . . . . . . . . . Allies Hacked . | . . . . . . . . . . . Hacks Repelled 3 | . . . . . . . . . . 3 Allies | -11 -10 -10 -10 -9 -8 -7 -7 -7 -7 -6 -------- Run | Yrd Mat Min Exi Min Mat Fac Was Fac DSF Fac Total Allies 22 | . . 1 . 1 1 . 19 . . . Largest Group 19 | . . 1 . 1 1 . 19 7 7 4 Highest-Rated Group 475 | . . 31 . 31 10 . 475 207 207 114 Highest-Rated Ally 35 | . . 31 . 31 10 . 35 31 31 31 Total Orders . | . . . . . . . . . . . Ally Attacks 213 | . . 6 . . . . 159 . 41 7 Total Damage 4815 | . . 82 . . . . 4059 . 569 105 Kills 18 | . . 2 . . . . 11 . 4 1 Allies Corrupted 1 | . . . . . . . . . . 1 Allies Melted . | . . . . . . . . . . . Intel | -11 -10 -10 -10 -9 -8 -7 -7 -7 -7 -6 ------- Run | Yrd Mat Min Exi Min Mat Fac Was Fac DSF Fac Robot Analysis Total 2 | . 2 . . . . . . . . . Derelict Logs Recovered 3 | . . 2 . 1 . . . . . . Drone Launches . | . . . . . . . . . . . Drone Recoveries . | . . . . . . . . . . . Exploration | -11 -10 -10 -10 -9 -8 -7 -7 -7 -7 -6 ------------- Run | Yrd Mat Min Exi Min Mat Fac Was Fac DSF Fac Turns Passed 14523 | 86 1602 274 374 794 3783 3619 676 4 177 3134 Spaces Moved 7026 | 48 758 163 234 465 1351 1228 763 3 82 1931 Core 594 | 3 . . . . . . 21 . . 570 Treads 5173 | 45 758 163 234 465 1351 1228 219 3 82 625 Legs . | . . . . . . . . . . . Wheels . | . . . . . . . . . . . Hover 736 | . . . . . . . . . . 736 Flight 523 | . . . . . . . 523 . . . Fastest Speed 29 | 50 160 160 160 160 160 160 29 152 152 50 Average Speed 154 | 153 160 160 160 160 229 215 69 152 159 91 Slowest Speed 305 | 160 160 160 160 160 305 243 243 152 165 165 Overloaded Moves . | . . . . . . . . . . . Propulsion Burnouts . | . . . . . . . . . . . Robots Hopped . | . . . . . . . . . . . Cave-ins Triggered . | . . . . . . . . . . . Exploration Rate (%) 58 | 4 100 28 43 85 84 32 96 . 87 26 Regions Visited 10 Branch Regions 3 Pre-discovered Areas . | . . . . . . . . . . . Known Exits Taken 2 | . . . . . 1 . . 1 . . Unknown Exits Taken 5 | 1 1 1 1 1 . . . . . . Scrap Searched 3 | . . 1 . 2 . . . . . . Spaces Dug . | . . . . . . . . . . . Terrain Destroyed 238 | . . . . 44 53 . 39 . . 102 Melee . | . . . . . . . . . . . Projectile 2 | . . . . . . . . . . 2 AOE 236 | . . . . 44 53 . 39 . . 100 Terrain Rammed . | . . . . . . . . . . . Walls Destroyed . | . . . . . . . . . . . Machines Disabled . | . . . . . . . . . . . Actions | -11 -10 -10 -10 -9 -8 -7 -7 -7 -7 -6 --------- Run | Yrd Mat Min Exi Min Mat Fac Was Fac DSF Fac Total 9978 | 58 1021 169 234 497 1814 2017 888 2 109 3169 Wait 2244 | 1 164 1 . 7 253 662 74 . 6 1076 Move 7017 | 47 757 162 233 464 1350 1228 762 2 81 1931 Hop . | . . . . . . . . . . . Pick Up 41 | 4 3 . 1 4 18 6 2 . . 3 Fast Attach 72 | 6 4 . . . 12 5 16 . 5 24 Attach 20 | . 1 . . . 3 4 5 . . 7 Detach 13 | . 2 . . . 1 . 3 . 2 5 Swap 50 | . 10 1 . 11 16 5 3 . 1 3 Drop 78 | . 6 . . 2 35 7 14 . 4 10 Fire 369 | . 71 4 . 7 109 90 5 . 10 73 Melee 4 | . . . . . . . 1 . . 3 Ram 34 | . . . . . . . 3 . . 31 Kick . | . . . . . . . . . . . Crush 32 | . 3 1 . 2 17 6 . . . 3 Escape Stasis 4 | . . . . . . 4 . . . . Rewire . | . . . . . . . . . . . Trap . | . . . . . . . . . . . Miscellaneous . | . . . . . . . . . . . Route ------- -11/Scrapyard -10/Materials (discovered 5 exits: [*Mat x3] / [*Min] / [*Sub]) -10/Mines -10/Exiles -9/Mines (discovered 2 exits: *Mat x2) -8/Materials (discovered 2 exits: *Fac x2) -7/Factory -7/Waste -7/Factory -7/DSF -6/Factory (discovered 1 exit: [*Fac]) History --------- Turn | Location | Event 2 | -11/Scrapyard | Discovered new exit (range 16) 87 | -11/Scrapyard | Entered Materials 341 | -10/Materials | Build established: Mutant 628 | -10/Materials | Discovered new exit (range 16) 882 | -10/Materials | Discovered new exit (range 16) 1450 | -10/Materials | Discovered new exit (range 13) 1585 | -10/Materials | Discovered new exit (range 3) 1628 | -10/Materials | Discovered new exit (range 15) 1657 | -10/Materials | Build established: Scavenger-Mutant 1689 | -10/Materials | Entered Mines 1690 | -10/Mines | Met a Derelict testing a Signal Generator 1723 | -10/Mines | Learned location of 1 exit from Materials 1870 | -10/Mines | Learned Materials terminal intel 1955 | -10/Mines | Deemed a non-threat by the Exiles lab entrance 1957 | -10/Mines | Discovered new exit (range 5) 1963 | -10/Mines | Entered Exiles 1989 | -10/Exiles | Discovered new exit (range 15) 2007 | -10/Exiles | Met 8R-AWN 2031 | -10/Exiles | Met EX-HEX 2088 | -10/Exiles | Met EX-BIN 2111 | -10/Exiles | Aligned with FarCom system 2112 | -10/Exiles | Given EX-Vault access code 2151 | -10/Exiles | Opened EX-Vault 2165 | -10/Exiles | Found Longsword +1 2203 | -10/Exiles | Warned to stay clear of 0b10 Research branches 2337 | -10/Exiles | Left Exiles lab with Longsword +1 2337 | -10/Exiles | Entered Mines 2441 | -9/Mines | Discovered new exit (range 9) 2445 | -9/Mines | Received a Mining Laser from a helpful Derelict 2836 | -9/Mines | Discovered new exit (range 6) 3131 | -9/Mines | Entered Materials 3131 | -8/Materials | Evolved 4 slots: Utility x4 3132 | -8/Materials | Identified exit to Factory 3133 | -8/Materials | Loaded intel: 12 terminal locations 3537 | -8/Materials | Build established: Mutant 3607 | -8/Materials | Garrison activated, responded to threat 4528 | -8/Materials | Destroyed 7 combat bots 5313 | -8/Materials | Discovered exit to Factory (range 12) 6914 | -8/Materials | Entered Factory 6914 | -7/Factory | Evolved 2 slots: Propulsion x1, Utility x1 7210 | -7/Factory | Discovered new exit (range 16) 7568 | -7/Factory | Build established: Scavenger-Mutant 7661 | -7/Factory | Repaired Lgt. Treads 8486 | -7/Factory | Build established: Mutant 8613 | -7/Factory | Repaired Lgt. Treads 8653 | -7/Factory | Repaired Hrd. Medium Armor Plating 8698 | -7/Factory | Repaired Hrd. Heavy Armor Plating 10533 | -7/Factory | Sucked down chute 10533 | -7/Factory | Entered Waste 10566 | -7/Waste | Spotted C-40 Crusher 10573 | -7/Waste | Spotted C-40 Crusher 10604 | -7/Waste | Crushed by Compactor (1 part destroyed, 1 dropped) 10606 | -7/Waste | Crushed by Compactor (0 parts destroyed, 2 dropped) 10607 | -7/Waste | Crushed by Compactor (1 part destroyed, 1 dropped) 10609 | -7/Waste | Crushed by Compactor (0 parts destroyed, 1 dropped) 10612 | -7/Waste | Crushed by Compactor (0 parts destroyed, 1 dropped) 10615 | -7/Waste | Crushed by Compactor (1 part destroyed) 10616 | -7/Waste | Crushed by Compactor (1 part destroyed, 1 dropped) 10618 | -7/Waste | Crushed by Compactor (1 part destroyed) 10621 | -7/Waste | Spotted C-40 Crusher 10641 | -7/Waste | Spotted C-40 Crusher 10645 | -7/Waste | Spotted C-40 Crusher 10649 | -7/Waste | Lost 7 parts (1n4u2w) 10678 | -7/Waste | Spotted C-40 Crusher 10686 | -7/Waste | Warlord forces began an assault 10720 | -7/Waste | Allies destroyed C-40 Crusher 10728 | -7/Waste | Allies destroyed C-40 Crusher 10734 | -7/Waste | Allies destroyed C-40 Crusher 10743 | -7/Waste | Allies destroyed C-40 Crusher 10764 | -7/Waste | Lost 10 allies 10783 | -7/Waste | Destroyed C-40 Crusher 10832 | -7/Waste | Discovered new exit (range 15) 11209 | -7/Waste | Entered Factory 11209 | -7/Factory | Accompanied by 7 allies 11213 | -7/Factory | Identified exit to DSF 11213 | -7/Factory | Entered DSF 11213 | -7/DSF | Accompanied by 7 allies 11231 | -7/DSF | Additional patrols routed to DSF 11331 | -7/DSF | Sterilization system engaged 11338 | -7/DSF | Discovered new exit (range 14) 11351 | -7/DSF | Ambient heat levels rising (+10) 11366 | -7/DSF | Ambient heat levels rising (+10) 11381 | -7/DSF | Ambient heat levels rising (+10) 11390 | -7/DSF | Entered Factory 11390 | -6/Factory | Accompanied by 4 allies 11390 | -6/Factory | Evolved 2 slots: Utility x1, Weapon x1 11699 | -6/Factory | Build established: Scavenger-Tank 11991 | -6/Factory | Repaired Hrd. Medium Armor Plating 12149 | -6/Factory | Fabricated Hacking Suite? 12526 | -6/Factory | P-60 Hacker assimilated allied VJ-T8X(m) 12965 | -6/Factory | Garrison activated, responded to threat 13332 | -6/Factory | Lost 8 parts (6u2w) 13810 | -6/Factory | Build established: Scavenger-Scout 14094 | -6/Factory | Fabricated Hacking Suite? 14150 | -6/Factory | System corruption reached 10% 14223 | -6/Factory | Lost 7 parts (1p3n2u1w) 14300 | -6/Factory | Discovered new exit (range 20) 14380 | -6/Factory | Core integrity fell below 50% 14486 | -6/Factory | Core integrity fell below 20% 14524 | -6/Factory | Destroyed by P-60 Hacker with Shock Rifle Last Messages --------------- Building Hacking Suite... ETC: 73 14457_ ALERT: Unauthorized use of fabrication network. Dispatching investigation squad. 14468_ System corrupted: Matter fused (-8). 14476_ Acquired Unknown Processor. 14476_ Identified Core Analyzer. 14481_ Imp. System Restoration Module purges 1% system corruption (15%). 14482_ Slammed into P-60 Hacker. 14483_ Destabilizing: System interference. 14483_ Enh. Optical Array temporarily disabled. 14484_ Slammed into P-60 Hacker. 14486_ FMJX%K7LU0L1,ZWVXAXX># 14486_ Slammed into P-60 Hacker. 14486_ Destabilizing: System corrupted (+2). 14487_ Slammed into P-60 Hacker. 14500_ Imp. System Restoration Module destroyed. 14502_ B8KD2FQ9NXM/IBA&%MCB64TPM0LKXJE 14517_ Acquired Imp. System Shield. 14519_ ALERT: Cargo convoy en route, clear transfer corridor. Map ----- +----------------------------------------------------+ | ?????????????????????????????????????????????????? | | ?????????????????????????????????????????????????? | | ?????????????????????????????????????????????????? | | ?????????????????????????????????????????????????? | | ?????????????????????????????????????????????????? | | ?????????????????????????????????????????????????? | | ?????????????????????????????????????????????????? | | ?????????????????????????????????????????????????? | | ?????????????????????????????????????????????????? | | ?????????????????????????????????????????????????? | | ?????????????????????????????????????????????????? | | ?????????????????????????????????????????????????? | | ????????????????????????C????????????????????????? | | ?????????????????????????????????????????????????? | | ?????????????????????????????????????????????????? | | ?????????????????????????????????????????????????? | | ?????????????????????????????????????????????????? | | ???????????????????????????g?????????????????????? | | ?????????????????????????????????????????????????? | | ?????????????????????????????????????????????????? | | ?????????????????????????##########??????????????? | | ?????????????????????????# ! #??????????????? | | ?????????????????????????# """ #??????????????? | | ??????? k ????????##### """ [#??????????????? | | ???????????# # # """ = #??????????????? | | ???????????# @ p #??????????????? | | ??????????????#+###### # " "" #??????????????? | | ?????????????????????## ## ! "R"" #??????????????? | | ?????????????????????# ?# p""" #?????????###### | | ??????????????????????#??# #????????? # | | ??????????????????????#??######+###??####### # | | ???????????????????#### ###### #???# # | | ???????????????????+ #???# # | | ????????????????#######Y##+### #???# # | | ????????????????# ! ## ##???# # | | ????????????????# ## ###### # | | ????????????????#! """ *## # | | ????????????????# """"" ! ## # | | ????????????????# """"" ## """ # | | ????????????????#########+##### """ ##### | | ????????????????# # ### # """ #???? | | ????????????????# / # ""#???? | | #######?????????# """# ### # """ F"#???? | | #######?????????#! """#####?## ## """ "#???? | | ##?????????# ""????????# ## """ ""#???? | | ##?????????# % ????????# ## ###?? | | ##?????????#####?????????# ## #?? | | / ##?????????????????????###+##+## +?? | | """ ##????????###########??# ## #?? | | """ ##????????# ! #??# """ ##+##+##### #?? | +----------------------------------------------------+ Best States ------------- Heat Dissipation 37 Energy Generation 21 Energy Capacity 325 Matter Stores 300 Matter Capacity 300 Sight Range 22 Terrain Scan Range 14 Terrain Scan Density 85 Power Amplification 20 Additional Mass Support 9 Armor Coverage 1500 Resistance: KI 20 Power Shielding 33 Propulsion Shielding 66 Weapon Shielding 33 Evasion (%) 64 Targeting Accuracy 16 Target Analysis 5 Core Analysis 6 Recoil Reduction 3 Kinecelleration 30 Offensive Hacking 20 Defensive Hacking 12 Item Schematics ----------------- Hacking Suite | -8/Materials | Hacked Robot Schematics ------------------ None Fabricated ------------ Hacking Suite | x1 | -6/Factory Hacking Suite | x1 | -6/Factory Alien Tech Used ----------------- None Achievements -------------- Maybe Next Time I'll Detach My Launcher System Compromised Challenges ------------ None Game ------ Seed AlertSensorShield Manual? 0 Play Time 01:40:49 Cumulative 19.3 hours Start 2024.04.25 @ 23:32:28 End 2024.04.26 @ 01:12:13 Sessions 1 Manual Loads 0 Difficulty Rogue Special Mode None Game No. 19 Rogue 19 Adventurer 0 Explorer 0 Win Type - Total 0 Types 0/0/0/0/0/0/0/0/0 Lore% 10 Gallery% 24 Achievement% 22 Wizard Run 0 Options --------- Layout 0 ASCII 0 Keyboard 1 Movement Numpad Keybinds 0 Fullscreen 1 Font 18/SmallcapsGlow Map View 76x50 Zoom Use 0% Tactical HUD 1 Map Filters NONE Filters NONE Steam 1 RUN: 58e73c65-e225-4069-af3c-dc3d0f193db1